APL (24 & UNDER)
ATHENS ASSASSINS @ EL PASO TEXANS
07/21/2027
 
TOP OF THE 1ST
Athens Assassins batting - Pitching for El Paso Texans : RHP John Harvey
Pitching: RHP John Harvey
Batting: SHB José Estreito 0-0: Called Strike
0-1: Ball
1-1: Swinging Strike
1-2: SINGLE (Line Drive, 6D)
Batting: RHB Jorge Loanos 0-0: Ball
1-0: Called Strike
José Estreito steals 2nd base
1-1: Swinging Strike
1-2: Strikes out swinging
Batting: RHB Roderick Silva 0-0: Called Strike
0-1: Called Strike
0-2: Fly out, F8 (Flyball, 89S)
Batting: RHB Foster Hapgood 0-0: Ball
1-0: Ball
2-0: Ball
3-0: Called Strike
3-1: Swinging Strike
3-2: Foul Ball, location: 2F
3-2: Base on Balls
Batting: RHB Bernardo Corona 0-0: Ball
1-0: Swinging Strike
1-1: Swinging Strike
1-2: Ball
2-2: Strikes out swinging
Top of the 1st over - 0 run(s), 1 hit(s), 0 error(s), 2 left on base; Athens 0 - El Paso 0
BOTTOM OF THE 1ST
El Paso Texans batting - Pitching for Athens Assassins : RHP Don Ford
Pitching: RHP Don Ford
Batting: RHB Ken Fingers 0-0: TRIPLE (Flyball, 9LS)
Batting: LHB Michael Melton 0-0: Swinging Strike
0-1: Ball
1-1: Ball
2-1: Fly out, F7 (Flyball, 7S)
Batting: LHB Guy Moss 0-0: Ball
1-0: Fly out, F8 (Flyball, 8LD)
Runner from 3rd tags up, SCORES, no throw
Batting: SHB Oliver Riley 0-0: Ball
1-0: Ball
2-0: Called Strike
2-1: Foul Ball, location: 2F
2-2: Ball
3-2: Fly out, F5 (Popup, 5L)
Bottom of the 1st over - 1 run(s), 1 hit(s), 0 error(s), 0 left on base; Athens 0 - El Paso 1
TOP OF THE 2ND
Athens Assassins batting - Pitching for El Paso Texans : RHP John Harvey
Batting: LHB Milo Glenn 0-0: Called Strike
0-1: Called Strike
0-2: Foul Ball, location: 2F
0-2: Foul Ball, location: 2F
0-2: Ball
1-2: Hit by Pitch
Batting: RHB Emílio García 0-0: Ball
Milo Glenn is caught stealing 2nd base
1-0: Reached on error, E6 (Groundball, 6MD)
Batting: RHB Randall Walker 0-0: Foul Ball, location: 2F
0-1: Called Strike
0-2: Foul Ball, location: 2F
0-2: Strikes out looking
Batting: RHB James Anderson 0-0: Ground out 5-3 (Groundball, 5)
Top of the 2nd over - 0 run(s), 0 hit(s), 1 error(s), 1 left on base; Athens 0 - El Paso 1
BOTTOM OF THE 2ND
El Paso Texans batting - Pitching for Athens Assassins : RHP Don Ford
Batting: RHB Javier Álvarez 0-0: Ground out 6-3 (Groundball, 6)
Batting: LHB Roberto Félix 0-0: Ball
1-0: Ball
2-0: Swinging Strike
2-1: Fly out, F8 (Flyball, 78M)
Batting: RHB Marvin Johnson 0-0: Ground out 6-3 (Groundball, 56)
Bottom of the 2nd over - 0 run(s), 0 hit(s), 0 error(s), 0 left on base; Athens 0 - El Paso 1
TOP OF THE 3RD
Athens Assassins batting - Pitching for El Paso Texans : RHP John Harvey
Batting: SHB José Estreito 0-0: Called Strike
0-1: Called Strike
0-2: Ball
1-2: Foul Ball, location: 2F
1-2: Ball
2-2: Ball
3-2: Fly out, F8 (Flyball, 8LS)
Batting: RHB Jorge Loanos 0-0: Swinging Strike
0-1: Ball
1-1: Ball
2-1: Swinging Strike
2-2: SINGLE (Groundball, 56) (infield hit)
Batting: RHB Roderick Silva 0-0: Called Strike
0-1: Ball
1-1: SINGLE (Line Drive, 6M)
Jorge Loanos to second
Runner from 2nd tries for 3rd, SAFE, throw made to third
Batting: RHB Foster Hapgood 0-0: Ball
1-0: Swinging Strike
1-1: Ball
2-1: Foul Ball, location: 2F
2-2: Grounds into double play, 6-4-3 (Groundball, 6)
Top of the 3rd over - 0 run(s), 2 hit(s), 0 error(s), 1 left on base; Athens 0 - El Paso 1
BOTTOM OF THE 3RD
El Paso Texans batting - Pitching for Athens Assassins : RHP Don Ford
Batting: RHB Wayne Carter 0-0: Ball
1-0: Ball
2-0: Called Strike
2-1: Ground out 5-3 (Groundball, 5)
Batting: RHB Domingo Morales 0-0: Ground out 6-3 (Groundball, 6)
Batting: RHB Ken Fingers 0-0: Foul Ball, location: 2F
0-1: Ball
1-1: Foul Ball, location: 2F
1-2: Ball
2-2: Foul Ball, location: 2F
2-2: Strikes out swinging
Bottom of the 3rd over - 0 run(s), 0 hit(s), 0 error(s), 0 left on base; Athens 0 - El Paso 1
TOP OF THE 4TH
Athens Assassins batting - Pitching for El Paso Texans : RHP John Harvey
Batting: RHB Bernardo Corona 0-0: Called Strike
0-1: Called Strike
0-2: Foul Ball, location: 2F
0-2: Strikes out swinging
Batting: LHB Milo Glenn 0-0: Ball
1-0: Ball
2-0: Swinging Strike
2-1: Foul Ball, location: 2F
2-2: Fly out, F7 (Flyball, 7S)
Batting: RHB Emílio García 0-0: Swinging Strike
0-1: Foul Ball, location: 2F
0-2: Ball
1-2: Foul Ball, location: 2F
1-2: Ball
2-2: Strikes out looking
Top of the 4th over - 0 run(s), 0 hit(s), 0 error(s), 0 left on base; Athens 0 - El Paso 1
BOTTOM OF THE 4TH
El Paso Texans batting - Pitching for Athens Assassins : RHP Don Ford
Batting: LHB Michael Melton 0-0: Ball
1-0: SINGLE (Groundball, 56D)
Batting: LHB Guy Moss 0-0: Fly out, F8 (Flyball, 78M)
Batting: SHB Oliver Riley 0-0: Ball
1-0: Fly out, F7 (Flyball, 78S)
Batting: RHB Javier Álvarez 0-0: Ball
1-0: Ball
2-0: Ball
3-0: Base on Balls
Michael Melton to second
Batting: LHB Roberto Félix 0-0: Foul Ball, location: 2F
0-1: Fly out, F8 (Flyball, 8LM)
Bottom of the 4th over - 0 run(s), 1 hit(s), 0 error(s), 2 left on base; Athens 0 - El Paso 1
TOP OF THE 5TH
Athens Assassins batting - Pitching for El Paso Texans : RHP Mike Marks
Pitching: RHP Mike Marks
Batting: RHB Randall Walker 0-0: Called Strike
0-1: Ball
1-1: Ball
2-1: Foul Ball, location: 2F
2-2: Hit by Pitch
Batting: RHB James Anderson 0-0: Ball
1-0: Ball
2-0: Ball
3-0: Called Strike
3-1: Foul Ball, location: 2F
3-2: Foul Ball, location: 2F
3-2: Strikes out swinging
Batting: SHB José Estreito 0-0: Ball
Randall Walker is caught stealing 2nd base
1-0: Ball
2-0: Ball
3-0: Called Strike
3-1: Base on Balls
Batting: RHB Jorge Loanos 0-0: Called Strike
José Estreito steals 2nd base
0-1: Called Strike
0-2: Strikes out swinging
Top of the 5th over - 0 run(s), 0 hit(s), 0 error(s), 1 left on base; Athens 0 - El Paso 1
BOTTOM OF THE 5TH
El Paso Texans batting - Pitching for Athens Assassins : RHP Don Ford
Batting: RHB Marvin Johnson 0-0: Foul Ball, location: 2F
0-1: Foul Ball, location: 2F
0-2: Ball
1-2: Fly out, F7 (Flyball, 7S)
Batting: RHB Wayne Carter 0-0: Ball
1-0: Ball
2-0: Called Strike
2-1: Ground out 6-3 (Groundball, 6)
Batting: RHB Domingo Morales 0-0: Ball
1-0: Ground out 5-3 (Groundball, 56)
Bottom of the 5th over - 0 run(s), 0 hit(s), 0 error(s), 0 left on base; Athens 0 - El Paso 1
TOP OF THE 6TH
Athens Assassins batting - Pitching for El Paso Texans : RHP Mike Marks
Batting: RHB Roderick Silva 0-0: Ball
1-0: Ground out 6-3 (Groundball, 6)
Batting: RHB Foster Hapgood 0-0: Ground out 3-1 (Groundball, 34S)
Batting: RHB Bernardo Corona 0-0: SINGLE (Flyball, 7LM)
Batting: LHB Milo Glenn 0-0: Ball
1-0: Ball
2-0: Fly out, F6 (Line Drive, 6M)
Top of the 6th over - 0 run(s), 1 hit(s), 0 error(s), 1 left on base; Athens 0 - El Paso 1
BOTTOM OF THE 6TH
El Paso Texans batting - Pitching for Athens Assassins : RHP Don Ford
Batting: RHB Ken Fingers 0-0: Swinging Strike
0-1: Ball
1-1: Called Strike
1-2: Ball
2-2: Fly out, F8 (Flyball, 8RM)
Pitching: RHP James Mantle
Batting: LHB Michael Melton 0-0: Ball
1-0: Ball
2-0: Ball
3-0: Called Strike
3-1: Base on Balls
Batting: LHB Guy Moss 0-0: Foul Ball, location: 2F
0-1: Ball
1-1: Foul Ball, location: 2F
1-2: Ball
2-2: Ball
3-2: Foul Ball, location: 2F
3-2: Fielders Choice at 2nd, 3-6 (Groundball, 3)
Batting: SHB Oliver Riley 0-0: Ball
1-0: Ball
2-0: Ball
3-0: Base on Balls
Guy Moss to second
Batting: RHB Javier Álvarez 0-0: Fly out, F3 (Popup, 3L)
Bottom of the 6th over - 0 run(s), 0 hit(s), 0 error(s), 2 left on base; Athens 0 - El Paso 1
TOP OF THE 7TH
Athens Assassins batting - Pitching for El Paso Texans : RHP Mike Marks
Batting: RHB Emílio García 0-0: Ball
1-0: Ball
2-0: Called Strike
2-1: Called Strike
2-2: Ball
3-2: Foul Ball, location: 2F
3-2: Foul Ball, location: 2F
3-2: Fly out, F9 (Flyball, 9)
Batting: RHB Randall Walker 0-0: Ball
1-0: Foul Ball, location: 2F
1-1: Ball
2-1: Foul Ball, location: 2F
2-2: Ball
3-2: Base on Balls
Pinch Hitting: RHB Alexander Barr 0-0: Ball
1-0: Foul Ball, location: 2F
1-1: Ball
2-1: Called Strike
2-2: Strikes out looking
Randall Walker steals 2nd base
Batter strikes out.
Batting: SHB José Estreito 0-0: Foul Ball, location: 2F
0-1: Foul Ball, location: 2F
0-2: Ball
1-2: Ball
2-2: Ground out 6-3 (Groundball, 6)
Top of the 7th over - 0 run(s), 0 hit(s), 0 error(s), 1 left on base; Athens 0 - El Paso 1
BOTTOM OF THE 7TH
El Paso Texans batting - Pitching for Athens Assassins : RHP James Mantle
Pitching: LHP António Yan
Now in RF: Alexander Barr
Batting: LHB Roberto Félix 0-0: Swinging Strike
0-1: Foul Ball, location: 2F
0-2: Ball
1-2: Strikes out swinging
Pitching: RHP Cisco López
Batting: RHB Marvin Johnson 0-0: Ball
1-0: Called Strike
1-1: DOUBLE (Line Drive, 7LM)
Pinch Hitting: RHB José Murillo 0-0: Intentional Walk
Pinch Hitting: RHB John Wilson 0-0: Called Strike
0-1: Called Strike
0-2: Ball
1-2: Foul Ball, location: 2F
1-2: Strikes out swinging
Pinch Hitting: RHB Andrew O'Dell 0-0: Ball
1-0: Fly out, F6 (Popup, 56D)
Bottom of the 7th over - 0 run(s), 1 hit(s), 0 error(s), 2 left on base; Athens 0 - El Paso 1
TOP OF THE 8TH
Athens Assassins batting - Pitching for El Paso Texans : RHP Mike Marks
Pitching: RHP Bill Hines
Now at 2B: Jeffery Ivey
Now at 3B: John Wilson
Now at SS: Andrew O'Dell
Batting: RHB Jorge Loanos 0-0: Called Strike
0-1: Ball
1-1: Ball
2-1: Called Strike
2-2: Foul Ball, location: 2F
2-2: Ball
3-2: Fly out, F6 (Line Drive, 6)
Batting: RHB Roderick Silva 0-0: Foul Ball, location: 2F
0-1: Ball
1-1: Ball
2-1: Called Strike
2-2: Ball
3-2: Base on Balls
Pinch Runner at 1st David Boyle:
Batting: RHB Foster Hapgood 0-0: Ball
1-0: Foul Ball, location: 2F
1-1: Foul Ball, location: 2F
1-2: Strikes out swinging
Batting: RHB Bernardo Corona 0-0: Foul Ball, location: 2F
0-1: Foul Ball, location: 2F
0-2: Ball
1-2: SINGLE (Flyball, 89M)
David Boyle to second
Runner from 2nd tries for 3rd, SAFE, no throw
Batting: LHB Milo Glenn 0-0: Ball
1-0: Ground out U3 (Groundball, 34)
Top of the 8th over - 0 run(s), 1 hit(s), 0 error(s), 2 left on base; Athens 0 - El Paso 1
BOTTOM OF THE 8TH
El Paso Texans batting - Pitching for Athens Assassins : RHP Cisco López
Now in LF: David Boyle
Batting: LHB Michael Melton 0-0: Ball
1-0: Ball
2-0: Foul Ball, location: 2F
2-1: SOLO HOME RUN (Flyball, 7D), Distance : 404 ft
Batting: LHB Guy Moss 0-0: Called Strike
0-1: Ball
1-1: Ground out 4-3 (Groundball, 34D)
Batting: SHB Oliver Riley 0-0: Ball
1-0: Fly out, F7 (Flyball, 7)
Batting: RHB Javier Álvarez 0-0: Called Strike
0-1: DOUBLE (Flyball, 89XD)
Batting: LHB Roberto Félix 0-0: Ball
1-0: Called Strike
1-1: Ball
2-1: Fly out, F4 (Line Drive, 4)
Bottom of the 8th over - 1 run(s), 2 hit(s), 0 error(s), 1 left on base; Athens 0 - El Paso 2
TOP OF THE 9TH
Athens Assassins batting - Pitching for El Paso Texans : RHP Bill Hines
Pitching: RHP Firmino Orsi
Batting: RHB Emílio García 0-0: Ball
1-0: Foul Ball, location: 2F
1-1: Swinging Strike
1-2: Foul Ball, location: 2F
1-2: Ground out 4-3 (Groundball, 4D)
Batting: RHB Randall Walker 0-0: Ball
1-0: Foul Ball, location: 2F
1-1: Ground out 5-3 (Groundball, 5L)
Batting: RHB Alexander Barr 0-0: Ball
1-0: Foul Ball, location: 2F
1-1: Foul Ball, location: 2F
1-2: Foul Ball, location: 2F
1-2: Ball
2-2: Foul Ball, location: 2F
2-2: Strikes out looking
Top of the 9th over - 0 run(s), 0 hit(s), 0 error(s), 0 left on base; Athens 0 - El Paso 2
Thursday, March 30th, 2017 - OOTP Baseball 17.12 Build 75